 Dungeon Crawl Stone Soup version 0.28-a0-987-g8383568036 (webtiles) character file.

Game seed: 12389377572617049761

4 Froggeryz the Skirmisher (level 1, -3/14 HPs)
             Began as a Gargoyle Cinder Acolyte on Dec 4, 2021.
             Was a High Priest of Ignis.
             Slain by a kobold (4 damage)
             ... on level 1 of the Dungeon.
             The game lasted 00:00:18 (182 turns).

Froggeryz the Skirmisher (Gargoyle Cinder Acolyte)   Turns: 182, Time: 00:00:19

Health: -3/14      AC:  4    Str: 17    XL:     1   Next: 60%
Magic:  2/2        EV: 11    Int: 14    God:    Ignis [*****.]
Gold:   0          SH:  0    Dex:  5    Spells: 2/2 levels left

rFire   + . .      SeeInvis .   a - -1 mace (flame)
rCold   . . .      Faith    .   (no shield)
rNeg    + . .      Spirit   .   b - +0 robe
rPois   ∞          Reflect  .   (no helmet)
rElec   +          Harm     .   (no cloak)
rCorr   .          Rampage  .   (no gloves)
Will    .....                   (no boots)
Stlth   +.........              (no amulet)
HPRegen 0.04/turn               (no ring)
MPRegen 0.08/turn               (no ring)

@: no status effects
A: sickness immunity, AC +2, negative energy resistance 1, electricity
resistance, torment resistance 1, petrification resistance
a: Renounce Religion, Fiery Armour, Foxfire Swarm, Rising Flame


You were on level 1 of the Dungeon.
You worshipped Ignis.
Ignis was extremely pleased with you.
You visited 1 branch of the dungeon, and saw 1 of its levels.

Inventory:

Hand Weapons
 a - a -1 mace of flaming (weapon)
Armour
 b - a +0 robe (worn)
Scrolls
 c - a scroll of identify


   Skills:
 - Level 3.2 Fighting
 * Level 3.2 Maces & Flails
 + Level 0.5 Armour
 - Level 1.0 Spellcasting
 - Level 3.0 Fire Magic


You had 2 spell levels left.
You didn't know any spells.
Your spell library contained the following spells:

 Spells                   Type           Power      Damage    Failure   Level
 Scorch                   Fire           18%        2d5       12%         2


Dungeon Overview and Level Annotations

Branches:
Dungeon (1/15)

Altars:


Innate Abilities, Weirdness & Mutations

You are immune to sickness and miasma.
Your stone body is resilient. (AC +2)
You are immune to poison.
You resist negative energy. (rN+)
You are resistant to electric shocks. (rElec)
You are resistant to unholy torment.
You are immune to petrification.


Message History

A kobold comes into view. It is wielding a +0 dagger.
Found an escape hatch in the floor.
The kobold hits you with a +0 dagger.
You hit the kobold but do no damage. The kobold hits you with a +0 dagger.
The kobold hits you but does no damage.
You closely miss the kobold. The kobold barely misses you.
The kobold closely misses you.
You hit the kobold but do no damage. The kobold closely misses you.
The kobold misses you.
You barely miss the kobold. The kobold hits you with a +0 dagger.
The kobold barely misses you.
You hit the kobold but do no damage. The kobold barely misses you. x2
The kobold closely misses you. x2
You hit the kobold but do no damage. The kobold hits you with a +0 dagger.
The kobold closely misses you.
You hit the kobold but do no damage. The kobold hits you with a +0 dagger.
The kobold barely misses you.
You are too injured to fight recklessly!
You are too injured to fight recklessly!
You are too injured to fight recklessly!
There are monsters nearby!
You miss the kobold. The kobold barely misses you.
The kobold hits you with a +0 club.
* * * LOW HITPOINT WARNING * * *
You barely miss the kobold. The kobold hits you with a +0 dagger.
* * * LOW HITPOINT WARNING * * *
The kobold hits you with a +0 club.
* * * LOW HITPOINT WARNING * * *
The kobold closely misses you. The kobold barely misses you.
The kobold closely misses you.
You aren't carrying any potions.
As you read the scroll labelled JEDDO RO BEU, it crumbles to dust.
It is a scroll of identify.
You don't have any unidentified items.
The kobold hits you but does no damage.
You closely miss the kobold. The kobold barely misses you.
You sock the kobold! You burn the kobold.
You kill the kobold!
You hit the kobold but do no damage. The kobold hits you with a +0 club.
You die...

#.##.# ###...♣..♣.♣... #.##.##
##..♣<♣♣.♣.♣P #.##..#
#..♣♣♣.♣♣.♣♣ #.###.##
##.♣♣P.♣P...
######.###..#######..♣♣.♣♣♣♣♣
.........†.............♣♣.....
#...###.######..........♣♣♣♣P♣
## #.# #####....##.. ♣♣♣ ..#
#.K@.........
..####.##...#.#...
#..........#.#.....
#..#.###...#.#....#
.................##
.................#
.................. .
.............>.#
....>..........#


You could see a kobold.

Vanquished Creatures
  A dart slug (D:1)
  A goblin (D:1)
  A kobold (D:1)
  A rat (D:1)
4 creatures vanquished.

Notes
Turn   | Place    | Note
-------+----------+-------------------------------------------
     0 | D:1      | Froggeryz the Gargoyle Cinder Acolyte began the quest for
                  | the Orb.
     0 | D:1      | Reached XP level 1. HP: 14/14 MP: 2/2
   182 | D:1      | Slain by a kobold

Illustrated notes

Levels and vault maps discovered:
D:1:      nagdon_arrival_double_spiral, layout_rooms, serial_bayou_pond_b,
          amcnicky_mini_pool_small

Action                   || total
-------------------------++-------
Melee: Mace              ||    22
  Use: Scroll            ||     1
Armor: Robe              ||     5
Dodge: Dodged            ||    22

Table legend: (Time is in decaauts)
 A = Elapsed time spent in this place.
 B = Non-inter-level travel time spent in this place.
 C = Inter-level travel time spent in this place.
 D = Time resting spent in this place.
 E = Time spent auto-exploring this place.
 F = Levels seen in this place.
 G = Mean time per level.
                   A        B        C        D        E       F      G
               +--------+--------+--------+--------+--------+-----+--------+
         Total |    187 |    187 |      0 |      0 |    139 |   1 |  187.0 |
       Dungeon |    187 |    187 |      0 |      0 |    139 |   1 |  187.0 |
               +--------+--------+--------+--------+--------+-----+--------+

Top non-repeatable levels by time:
     D:1: 187 daAuts
